Map: Divergence LE

Players

skavenb - Winner!

  • Race: Terran Terran
  • Spawn Location: 11:00

Corentin - Winner!

  • Race: Terran Terran
  • League: Diamond
  • Spawn Location: 11:00

Massa

  • Race: Terran Terran
  • League: Gold
  • Spawn Location: 5:00

qqq

  • Race: Zerg Zerg
  • League: Platinum
  • Spawn Location: 5:00

VOD

Have the link to the VOD?

Description

Time

  • Played on: May 6, 2020, 2:50 p.m.
  • Length: 13:23
Show
View Real Time Build Order
Export as new Build Order

skavenb Terran - Winner!

Build Orders: Reaper Expand 

Get SALT Encoding   

  12  0:01  SCV  
  13  0:13  SCV  
  14  0:18  Supply Depot  
  14  0:25  SCV  
  15  0:40  SCV  
  15  0:41  Barracks  
  16  0:51  Refinery  
  16  0:55  SCV  
  17  1:07  SCV  
  18  1:19  SCV  
  19  1:39  Command Center  
  19  1:43  Reaper  
  19  1:45  Barracks  
  20  1:50  Orbital Command  
  20  2:14  Factory  
  20  2:15  Refinery  
  20  2:17  Supply Depot  
  20  2:21  SCV  
  21  2:26  Marine  
  22  2:33  SCV  
  23  2:39  Marine  
  24  2:52  Marine  
  24  2:57  Bunker  
  25  3:02  Orbital Command  
  25  3:06  SCV  
  25  3:12  Marine x2  
  27  3:14  Factory Tech Lab  
  27  3:18  SCV  
  27  3:19  Starport  
  28  3:30  SCV x2  
  30  3:42  SCV  
  30  3:44  Marine x2  
  30  3:45  Siege Tank  
  36  3:51  SCV  
  36  3:52  Engineering Bay  
  36  3:54  SCV  
  38  4:03  SCV  
  38  4:05  Barracks, Marine x2  
  38  4:07  Liberator  
  44  4:10  SCV  
  45  4:28  SCV  
  46  4:34  Terran Infantry Weapons Level 1  
  46  4:38  Supply Depot  
  46  4:44  Orbital Command  
  46  4:45  Engineering Bay  
  46  4:57  Barracks Tech Lab  
  46  4:58  Barracks Reactor  
  46  4:59  Marine  
  50  5:00  Siege Tank  
  50  5:04  Starport Reactor  
  50  5:05  Supply Depot  
  50  5:06  SCV  
  51  5:07  Supply Depot  
  51  5:13  SCV  
  52  5:18  SCV  
  52  5:19  Marine  
  54  5:26  SCV, Stimpack  
  55  5:31  SCV  
  56  5:38  SCV  
  57  5:43  SCV  
  57  5:47  Command Center  
  58  5:54  Barracks Reactor  
  58  5:55  Marine  
  58  5:56  Siege Tank  
  62  6:06  Refinery  
  62  6:07  Refinery  
  62  6:09  SCV  
  62  6:10  SCV  
  64  6:13  Marine  
  64  6:14  Supply Depot  
  64  6:15  Supply Depot  
  64  6:16  Terran Infantry Armor Level 1  
  65  6:21  SCV  
  65  6:22  SCV  
  67  6:33  SCV  
  67  6:34  SCV  
  68  6:46  SCV  
  66  6:47  Marine x3  
  66  6:48  Siege Tank  
  66  6:49  Medivac  
  66  6:52  Medivac  
  76  6:59  Marine x2  
  78  7:05  Marine  
  79  7:09  Marine  
  79  7:12  Supply Depot x2  
  79  7:14  Orbital Command  
  80  7:19  Marine x3  
  80  7:21  Missile Turret  
  83  7:24  Marine  
  83  7:25  Armory, Siege Tank  
  83  7:26  Medivac  
  89  7:33  Combat Shield  
  89  7:42  Missile Turret  
  89  7:45  Orbital Command  
  89  7:48  Medivac  
  89  7:49  Marine  
  89  7:50  Marine x4  
  96  7:56  Barracks  
  96  7:59  Barracks  
  96  8:04  Barracks  
  96  8:07  Marine x5  
  96  8:11  Missile Turret  
  96  8:12  Terran Infantry Weapons Level 2  
  101  8:17  SCV x2  
  101  8:18  SCV  
  104  8:28  Marine x2  
  104  8:29  SCV x2, Marine x3  
  104  8:30  SCV  
  112  8:41  SCV x2  
  112  8:46  Marine  
  111  9:38  Marine x2  
  111  9:39  Marine x3  
  116  9:56  Medivac  
  116  10:10  Marine  
  116  10:14  Barracks Reactor x3  
  117  10:20  Starport  
  117  10:21  Starport  
  117  10:26  Supply Depot  
  117  10:28  Supply Depot x2  
  117  10:30  Supply Depot  
  117  10:31  Terran Infantry Armor Level 2, Terran Infantry Weapons Level 3  
  117  10:33  Terran Ship Weapons Level 1  
  117  10:34  Supply Depot  
  117  10:40  Marine x3  
  117  10:41  Marine x2  
  117  10:42  Medivac  
  117  10:43  Siege Tank  
  108  10:57  Marine x2  
  108  10:58  Marine x2  
  112  11:06  Starport Reactor x2, Marine x3  
  112  11:07  Marine x4  
  112  11:09  Medivac  
  121  11:12  Viking  
  121  11:15  Marine x3, Siege Tank  
  121  11:16  Marine  
  127  11:24  Marine x3  
  126  11:31  Marine  
  126  11:32  Marine x3  
  118  11:33  Marine  
  118  11:39  Viking  
  117  11:47  Siege Tank  
  115  11:57  Marine  
  115  11:58  Marine x10  
  115  12:00  Viking x2  
  115  12:01  Viking  
  129  12:15  Marine  
  129  12:16  Marine x5  
  129  12:19  Siege Tank  
  138  12:39  Marine  
  138  12:40  Marine x10  
  155  12:47  Supply Depot x2  
  153  12:54  Fusion Core  
  153  12:57  Marine  
  153  12:58  Marine  
  157  13:10  Supply Depot  
  157  13:11  Supply Depot  
Show
View Real Time Build Order
Export as new Build Order

Corentin Terran - Winner!

Build Orders:  

Get SALT Encoding   

  12  0:01  SCV  
  13  0:13  SCV  
  14  0:18  Supply Depot  
  14  0:25  SCV  
  15  0:40  SCV  
  16  0:43  Barracks  
  16  0:47  Refinery  
  16  0:52  SCV  
  17  1:04  SCV  
  18  1:20  SCV  
  19  1:27  Refinery  
  19  1:30  Reaper  
  20  1:35  Bunker  
  20  1:37  SCV  
  21  1:50  Orbital Command  
  20  2:01  Barracks  
  20  2:08  Barracks Tech Lab  
  20  2:10  Factory  
  20  2:16  SCV  
  21  2:28  SCV, Marine, Supply Depot  
  23  2:49  Marine  
  23  2:50  SCV  
  25  2:52  Supply Depot  
  25  2:53  Barracks Reactor  
  25  2:59  Factory Tech Lab  
  25  3:02  SCV  
  25  3:14  SCV  
  25  3:15  Stimpack  
  25  3:19  Siege Tank  
  29  3:20  Starport  
  29  3:23  Marine  
  29  3:26  SCV  
  31  3:38  SCV, Supply Depot  
  31  3:41  Engineering Bay  
  32  3:46  Marine  
  32  3:47  Marine  
  34  3:50  SCV  
  35  4:06  Liberator  
  38  4:18  SCV  
  38  4:19  Marine x2, Missile Turret  
  38  4:20  Marine  
  38  4:22  Siege Tank  
  45  4:31  SCV  
  45  4:37  Marine  
  47  4:38  Supply Depot  
  47  4:59  Marine x3  
  47  5:02  Terran Infantry Weapons Level 1  
  47  5:06  Command Center  
  50  5:12  Medivac  
  52  5:17  Marine x2  
  52  5:18  Marine  
  55  5:52  Marine, Medivac  
  55  6:04  Combat Shield  
  55  6:18  SCV, Marine x3, Siege Tank  
  61  6:28  Command Center  
  61  6:35  Barracks, Marine x3  
  61  6:37  Supply Depot  
  61  6:38  Barracks, Supply Depot  
  64  6:53  Marine  
  65  6:54  Marine x2  
  65  6:55  Siege Tank  
  65  6:58  Medivac  
  72  7:05  Terran Infantry Armor Level 1  
  72  7:11  Marine  
  72  7:12  Orbital Command, Marine  
  74  7:26  Barracks Reactor x2  
  74  7:28  Concussive Shells  
  69  7:59  Marine  
  69  8:00  Marauder, Marine  
  69  8:01  Siege Tank  
  75  8:08  Marine  
  75  8:09  Marine  
  70  8:17  Marine  
  70  8:18  Marine  
  70  8:21  Marauder  
  65  8:35  Starport Reactor, Marine  
  66  8:42  Marine x5  
  66  8:43  Marauder  
  62  8:53  Marine  
  59  9:00  Marine x3  
  60  9:04  Marauder  
  58  9:30  Marauder, Marine x3  
  58  9:31  Marine  
  64  9:41  Marine  
  65  9:46  Orbital Command  
  65  9:52  Marauder  
  64  9:58  Marine  
  64  10:13  Marauder  
  66  10:22  Marine  
  67  10:30  SCV x2  
  67  10:35  Marauder  
  63  10:59  Marine x2  
  63  11:00  Marauder, Marine, Planetary Fortress  
  65  11:13  Marine, Siege Tank  
  65  11:14  Marine x2  
  65  11:17  Marine x3  
  72  11:21  Marauder  
  74  11:31  Marine x2  
  74  11:32  Marine  
  77  11:35  Marine x2  
  79  11:42  Marauder  
  79  11:45  Siege Tank  
  76  11:54  Marine x2  
  76  11:55  Marine  
  76  11:59  SCV x2  
  81  12:02  SCV  
  81  12:04  Marauder  
  84  12:11  SCV x2  
  86  12:25  Marauder  
  84  12:44  Marine x5  
  85  12:45  Marine  
  85  12:46  Medivac  
  85  12:47  Marauder, Medivac  
  96  12:51  Engineering Bay  
  96  12:57  Armory  
  96  13:01  Marine  
  96  13:02  Marine x4  
  96  13:03  Barracks  
  101  13:08  Supply Depot  
  101  13:19  Armory  
Show
View Real Time Build Order
Export as new Build Order

Massa Terran 

Build Orders:  

Get SALT Encoding   

  12  0:13  SCV  
  13  0:16  Supply Depot  
  13  0:25  SCV  
  14  0:37  SCV  
  14  0:39  Barracks  
  15  0:48  Supply Depot  
  15  0:49  SCV  
  16  1:01  SCV  
  17  1:10  Barracks  
  17  1:27  SCV  
  17  1:28  Marine  
  17  1:29  Barracks  
  19  1:38  Barracks  
  19  1:43  SCV  
  19  1:46  Marine  
  21  1:53  Refinery  
  21  1:55  SCV  
  21  2:01  Marine  
  23  2:03  Marine  
  24  2:16  Marine  
  24  2:18  Marine  
  24  2:21  Marine  
  24  2:22  Orbital Command  
  27  2:25  Marine  
  28  2:33  Supply Depot  
  27  2:59  SCV  
  26  3:16  Marine x2  
  26  3:17  Marine x2  
  30  3:34  SCV, Marine x4  
  30  3:38  Factory  
  35  3:46  SCV  
  36  3:52  Marine x3  
  39  4:22  Factory Tech Lab  
  39  4:23  Command Center  
  39  4:29  Supply Depot  
  39  4:51  SCV, Marine x3, Siege Tank  
  46  4:53  Supply Depot  
  46  4:54  Supply Depot  
  46  4:56  Supply Depot  
  46  5:03  SCV  
  47  5:07  Barracks Tech Lab  
  47  5:15  SCV  
  48  5:27  SCV  
  49  5:39  SCV  
  50  5:51  SCV  
  51  5:59  Engineering Bay  
  51  6:10  SCV  
  52  6:14  SCV  
  52  6:17  Siege Tank  
  56  6:22  SCV  
  56  6:25  Engineering Bay  
  57  6:26  SCV  
  58  6:35  Orbital Command  
  58  6:38  SCV  
  59  6:50  SCV  
  60  7:02  SCV  
  60  7:07  Bunker  
  61  7:11  Terran Infantry Armor Level 1, Terran Infantry Weapons Level 1, Command Center  
  61  7:19  Marauder, Marine x3  
  66  7:23  Siege Tank  
  69  7:37  Marine x3  
  69  7:40  Marauder  
  73  7:55  Marine x3  
  75  8:01  Marauder  
  77  8:13  Marine x3  
  80  8:23  Marauder  
  82  8:31  Marine  
  77  8:36  Barracks Reactor  
  77  8:39  Combat Shield  
  77  8:48  Refinery  
  77  8:57  Refinery  
  77  9:02  Refinery  
  64  9:30  Siege Tank  
  65  9:43  Starport  
  65  9:48  Barracks  
  57  9:59  Marauder, Marine  
  51  10:00  Marine x3  
  55  10:17  Marine x2  
  55  10:18  Marine x2  
  55  10:21  Marauder, Viking  
  63  10:35  Marine  
  64  10:42  Marauder  
  51  11:03  Marauder  
  44  11:05  Marine  
  44  11:06  Marine  
  44  11:09  Marine x3  
  47  11:23  Marine x2  
  47  11:25  Marauder  
  49  11:26  Marine  
  49  11:27  Marine x2  
  49  11:29  Siege Tank  
  41  12:08  Supply Depot  
  39  12:13  Siege Tank  
  39  12:14  Marauder  
  33  12:45  Siege Tank  
  34  12:58  SCV  
  35  13:02  Marine  
  35  13:03  Marine  
  35  13:05  Marine  
  37  13:10  SCV  
  39  13:14  Refinery  
  39  13:19  Engineering Bay  
Show
View Real Time Build Order
Export as new Build Order

qqq Zerg 

Build Orders: Hatch First 

Get SALT Encoding   

  12  0:02  Drone  
  13  0:08  Drone  
  14  0:42  Hatchery  
  13  0:50  Spawning Pool  
  13  0:53  Drone  
  13  0:56  Extractor  
  12  1:04  Overlord  
  12  1:10  Drone  
  13  1:14  Drone  
  14  1:27  Drone  
  14  1:32  Drone  
  16  1:37  Zergling x2  
  17  1:48  Overlord  
  17  1:55  Drone  
  17  1:57  Queen  
  17  2:00  Zergling x2  
  21  2:07  Zergling x2  
  22  2:09  Metabolic Boost  
  22  2:13  Zergling x2  
  23  2:21  Zergling x2  
  23  2:22  Zergling x2  
  25  2:26  Zergling x2  
  26  2:31  Zergling x2  
  26  2:47  Zergling x2  
  26  2:49  Zergling x4  
  29  3:00  Zergling x2  
  29  3:02  Drone  
  31  3:16  Drone x2  
  32  3:22  Zergling x4  
  34  3:27  Lair  
  35  3:34  Zergling x2  
  35  3:35  Overlord  
  35  3:36  Overlord  
  35  3:37  Zergling x2  
  35  3:51  Overlord  
  35  3:53  Zergling x2  
  36  4:27  Drone x2  
  36  4:28  Drone x3  
  36  4:30  Hatchery  
  41  4:37  Infestation Pit  
  39  4:39  Evolution Chamber  
  39  4:41  Drone  
  39  4:44  Drone  
  40  4:47  Drone  
  41  4:57  Drone  
  41  4:58  Drone  
  43  5:06  Zerg Melee Weapons Level 1  
  43  5:09  Drone  
  43  5:12  Extractor  
  43  5:13  Drone x3  
  43  5:37  Hive  
  43  5:42  Spore Crawler  
  42  5:44  Drone  
  42  5:45  Drone  
  41  5:58  Drone x5  
  41  5:59  Extractor  
  41  6:04  Drone x2  
  47  6:14  Drone x2  
  49  6:27  Zergling x6  
  52  6:34  Drone x4  
  44  6:50  Ultralisk Cavern  
  44  6:51  Drone x3  
  44  6:52  Drone x4  
  50  7:01  Drone x2  
  52  7:17  Extractor  
  52  7:18  Zergling x4  
  52  7:19  Zergling x8  
  57  7:32  Drone x2  
  54  7:49  Ultralisk x2  
  59  7:52  Drone x4  
  59  7:53  Drone  
  54  8:16  Ultralisk  
  59  8:26  Drone  
  60  8:28  Overlord x4  
  60  8:33  Anabolic Synthesis  
  60  8:38  Hatchery  
  46  8:58  Drone x3  
  46  8:59  Drone x2  
  51  9:05  Hatchery  
  50  9:22  Drone, Overlord x2  
  50  9:23  Drone x2  
  53  9:33  Ultralisk  
  53  9:35  Hatchery  
  59  9:38  Zergling x2  
  58  10:04  Spawning Pool  
  57  10:26  Hatchery  
  56  10:31  Hatchery  
  56  10:34  Evolution Chamber  
  50  10:57  Lair  
  50  10:58  Zergling x12  
  55  11:06  Drone x3  
  55  11:07  Drone x3  
  61  11:14  Zergling x2  
  56  11:39  Zergling x6  
  49  11:40  Drone x2, Zergling x4  
  49  11:41  Drone x2  
  54  11:53  Zergling x6  
  56  11:54  Drone x4  
  59  12:02  Spire  
  59  12:05  Infestation Pit  
  59  12:08  Zergling x6  
  59  12:09  Zergling x4  
  62  12:18  Drone x2  
  62  12:19  Drone x2  
  62  12:20  Hatchery  
  62  12:21  Zergling x10  
  62  12:22  Hatchery  
  69  12:23  Hatchery x2  
  65  12:39  Zergling x2  
  65  12:40  Zergling x10  
  65  12:41  Zergling x6  
  71  12:50  Drone  
  71  12:51  Drone x3  
  71  13:02  Extractor x2  
Tags
 
Add a new tag
Caveats
  • Supply blocks, unpowered buildings, or Contaminate may cause inaccurate times.
  • Supply counts are checked every 10 seconds.